 Dungeon Crawl Stone Soup version 0.28-a0-239-g68911e0c57 (webtiles) character file.

Game seed: 9891504842072643074

9 senseless the Skirmisher (level 2, -1/24 HPs)
             Began as a Demonspawn Monk on Aug 23, 2021.
             Slain by a hobgoblin (3 damage)
             ... on level 1 of the Dungeon.
             The game lasted 00:00:22 (60 turns).

senseless the Skirmisher (Demonspawn Monk)            Turns: 60, Time: 00:00:22

Health: -1/24      AC:  4    Str: 11    XL:     2   Next: 3%
Magic:  2/2        EV: 13    Int: 11    God:
Gold:   0          SH:  0    Dex: 15    Spells: 1/1 levels left

rFire   . . .      SeeInvis .   a - +0 falchion
rCold   . . .      Faith    .   (no shield)
rNeg    . . .      Spirit   .   b - +0 robe
rPois   .          Reflect  .   (no helmet)
rElec   .          Harm     .   (no cloak)
rCorr   .          Rampage  .   (no gloves)
Will    .....                   (no boots)
Stlth   ++........              (no amulet)
HPRegen 0.08/turn               (no ring)
MPRegen 0.08/turn               (no ring)

@: no status effects
A: thin metallic scales 1
a: no special abilities


You were on level 1 of the Dungeon.
You visited 1 branch of the dungeon, and saw 1 of its levels.

Inventory:

Hand Weapons
 a - a +0 falchion (weapon)
Armour
 b - a +0 robe (worn)
Scrolls
 c - a scroll of vulnerability {unknown}


   Skills:
 + Level 3.1 Fighting
 + Level 3.0 Long Blades
 + Level 2.9 Dodging
 + Level 1.8 Stealth


You had one spell level left.
You didn't know any spells.
Your spell library was empty.

Dungeon Overview and Level Annotations

Branches:
Dungeon (1/15)

Altars:


Innate Abilities, Weirdness & Mutations

You are partially covered in thin metallic scales. (AC +2)


Message History

You closely miss the goblin. The goblin closely misses you.
You riposte.
You barely miss the goblin. The rat misses you.
You riposte.
You hit the rat.
You kill the rat!
The kobold throws a stone.
The stone barely misses you.
You closely miss the goblin. The bat hits you but does no damage.
The goblin hits you with a +0 club.
The ball python bites you but does no damage.
The ball python grabs you. The ball python constricts you.
Unknown command.
You hit the ball python.
You kill the ball python!
The bat barely misses you. x2; The goblin hits you with a +0 club.
The kobold hits you with a +0 whip.
* * * LOW HITPOINT WARNING * * *
The goblin hits you with a +0 club.
* * * LOW HITPOINT WARNING * * *
You are too injured to fight recklessly!
You are too injured to fight recklessly!
You barely miss the goblin. The bat barely misses you.
You riposte.
You hit the bat.
The bat is moderately wounded.
The kobold misses you. The bat closely misses you.
You riposte.
You hit the bat.
You kill the bat!
The goblin hits you with a +0 club.
* * * LOW HITPOINT WARNING * * *
You hit the kobold.
You kill the kobold!
The goblin barely misses you.
Your Long Blades skill increases to level 3!
You have reached level 2!
Your demonic ancestry asserts itself...
Thin metallic scales grow over part of your body.
You hit the hobgoblin.
The hobgoblin is severely wounded.
The hobgoblin misses you. The goblin hits you but does no damage.
You hit the hobgoblin.
The hobgoblin is almost dead.
The hobgoblin hits you.
You die...

...........?.
#...>........
###.............
................
#.........#....
##.8.....8....#. .##
##....†........... ..#
.......gg)......... #.#
....####@........... #.# #
##†...........# #.#
.#######..††.>....##..##.#
..............#..........#
..........###...##.#.#....
..........#.....##.......#
........(...###.......##'#
.....$................#...
#.........)#..........#.<.


You could see a hobgoblin and a goblin.

Vanquished Creatures
  2 ball pythons (D:1)
  2 bats (D:1)
  A frilled lizard (D:1)
  2 kobolds (D:1)
  2 rats (D:1)
9 creatures vanquished.

Notes
Turn   | Place    | Note
-------+----------+-------------------------------------------
     0 | D:1      | senseless the Demonspawn Monk began the quest for the Orb.
     0 | D:1      | Reached XP level 1. HP: 18/18 MP: 1/1
    59 | D:1      | Gained mutation: You are partially covered in thin metallic
                  | scales. (AC +2) [demonic ancestry]
    59 | D:1      | Reached XP level 2. HP: 2/24 MP: 2/2
    60 | D:1      | Slain by a hobgoblin

Illustrated notes

Levels and vault maps discovered:
D:1:      dpeg_arrival_tiny_h, layout_rooms, serial_shops, shop_statue,
          st_stairs_1, minivault_24

Skill      XL: |  1 |
---------------+----+-----
Long Blades    | 3 |  3.0
Fighting       | |  3.1
Dodging        | |  2.9
Stealth        | |  1.8

Action                   || total
-------------------------++-------
Melee: Falchion          ||    15
 Stab: Sleeping          ||     1
Armor: Robe              ||     7
Dodge: Dodged            ||    24
       Rpst.: Falchion   ||     7

Table legend: (Time is in decaauts)
 A = Elapsed time spent in this place.
 B = Non-inter-level travel time spent in this place.
 C = Inter-level travel time spent in this place.
 D = Time resting spent in this place.
 E = Time spent auto-exploring this place.
 F = Levels seen in this place.
 G = Mean time per level.
                   A        B        C        D        E       F      G
               +--------+--------+--------+--------+--------+-----+--------+
         Total |     62 |     62 |      0 |      0 |     29 |   1 |   62.0 |
       Dungeon |     62 |     62 |      0 |      0 |     29 |   1 |   62.0 |
               +--------+--------+--------+--------+--------+-----+--------+

Top non-repeatable levels by time:
     D:1: 62 daAuts
